 Dungeon Crawl Stone Soup version 0.19-a0-1225-gf887c1c (webtiles) character file.

0 glosham the Skirmisher (level 1, -11/18 HPs)
             Began as a Merfolk Abyssal Knight on Aug 25, 2016.
             Was a Follower of Lugonu.
             Mangled by a tentacled starspawn (28 damage)
             ... on level 1 of the Abyss.
             The game lasted 00:01:15 (83 turns).

glosham the Skirmisher (Merfolk Abyssal Knight)       Turns: 83, Time: 00:01:16

Health: -11/18     AC:  3    Str: 12    XL:     1   Next: 0%
Magic:  2/2        EV: 18    Int: 11    God:    Lugonu [*.....]
Gold:   7          SH:  0    Dex: 18    Spells: 0 memorised, 0 levels left

rFire  . . .     SeeInvis .     a - +1 spear
rCold  . . .     Gourm    .     b - +0 leather armour
rNeg   . . .     Faith    .     (no shield)
rPois  .         Spirit   .     (no helmet)
rElec  .         Dismiss  .     (no cloak)
rCorr  .         Reflect  .     (no gloves)
MR     .....     Harm     .     (no boots)
Stlth  ++........               (no amulet)
                                (no ring)
                                (no ring)

@: agile
A: change form in water, swift swim
a: Depart the Abyss, Renounce Religion


You were on level 1 of the Abyss.
You worshipped Lugonu.
Lugonu was aware of your devotion.
You were not hungry.

You visited 0 branches of the dungeon, and saw 0 of its levels.
You visited the Abyss 1 time.

You collected 7 gold pieces.

Inventory:

Hand Weapons
 a - a +1 spear (weapon)
Armour
 b - a +0 leather armour (worn)
Comestibles
 c - a bread ration


   Skills:
 - Level 3.2 Fighting
 - Level 3.0 Polearms
 - Level 0.6 Armour
 - Level 2.6 Dodging
 + Level 0.0 Stealth
 - Level 2.0 Invocations


You couldn't memorise any spells.
You didn't know any spells.

Dungeon Overview and Level Annotations

Branches:
Dungeon (0/15)

Altars:


Message History

Welcome, glosham the Merfolk Abyssal Knight.
Will you be the one to retrieve the fabulous Orb of Zot from the depths?
Lugonu says: Depart the Abyss and spread corruption, my servant! (use the ability menu to exit the Abyss) Press ? for a list of commands and other information.
Found 19 bolts.
Found a corrupted altar of Lugonu.
Unknown command.
Found 7 gold pieces.
Found a gateway leading out of the Abyss.
You see here 7 gold pieces.
You now have 7 gold pieces.
Found a murky red potion.
Found a gateway leading out of the Abyss.
You see here a murky red potion.
d - a murky red potion A tentacled starspawn comes into view.
Tentacles burst from the starspawn's body! 2 starspawn tentacles come into view.
The starspawn tentacle grabs you. The starspawn tentacle constricts you.
Your attempt to break free from the starspawn tentacle fails, but you feel that another attempt might succeed.
The starspawn tentacle constricts you.
You escape the starspawn tentacle's grasp.
You aren't carrying any spellbooks or scrolls.
Unknown command.
Found 15 stones.
Tentacles burst from the starspawn's body! 2 starspawn tentacles come into view.
It was a potion of agility.
You feel agile all of a sudden.
Attack whom?
Press: ? - help, Dir - move target cursor, f - tentacled starspawn
Aim: a tentacled starspawn You reach to attack!
You hit the tentacled starspawn but do no damage.
You hit the tentacled starspawn but do no damage.
You hit the tentacled starspawn.
The tentacled starspawn is lightly damaged.
The tentacled starspawn bites you!!
Ouch! That really hurt!
You die...

#.# # .##.
###.# ..##.
#..........
#.... . ###..
#. ####..##.
#####.......
#@#.#.......
#X##Xw##..##.
##..#│##. ##.
#..─#.......
#.#.#. .....
##.#####. #
#..# . # .
##.# .. ###
..


You could see a tentacled starspawn.

Vanquished Creatures (others)
  6 starspawn tentacles (Abyss:1)
6 creatures vanquished.

Notes
Turn   | Place    | Note
-------+----------+-------------------------------------------
     0 | Abyss:1  | glosham the Merfolk Abyssal Knight began the quest for the Orb.
     0 | Abyss:1  | Reached XP level 1. HP: 18/18 MP: 2/2
    26 | Abyss:1  | Noticed a tentacled starspawn
    83 | Abyss:1  | Mangled by a tentacled starspawn

Vault maps used:
Abyss:1:  hangedman_abyss_mock_shop

Action                   || total
-------------------------++-------
Melee: Spear             ||     3
  Use: Potion            ||     1

Table legend:
 A = Turns spent in this place as a percentage of turns spent in the entire game.
 B = Non-inter-level travel turns spent in this place as a percentage of non-inter-level travel turns spent in the entire game.
 C = Inter-level travel turns spent in this place as a percentage of turns spent in this place.
 D = Turns resting spent in this place as a percentage of non-inter-level travel turns spent in this place.
 E = Turns spent auto-exploring this place as a percentage of non-inter-level travel turns spent in this place.
 F = Non-inter-level travel turns spent in this place divided by the number of levels of this place that you've seen.
                   A       B       C       D       E      F
               +-------+-------+-------+-------+-------+----------------------
         Total | 100.0 | 100.0 |   0.0 |   0.0 |   0.0 |  87.0
         Abyss | 100.0 | 100.0 |   0.0 |   0.0 |   0.0 |  87.0
               +-------+-------+-------+-------+-------+----------------------

Vault maps used:
Abyss:1:  hangedman_abyss_mock_shop
